 Dungeon Crawl Stone Soup version 0.31.0-9-g3a7656b989 (webtiles) character file.

Game seed: 2743009392894311948

49 CaptainMV the Poker (level 3, -4/26 HPs)
             Began as a Demonspawn Wanderer on Jan 25, 2024.
             Slain by Terence
             ... wielding a +2 flail of protection
              (12 damage)
             ... on level 2 of the Dungeon.
             The game lasted 00:05:11 (646 turns).

CaptainMV the Poker (Demonspawn Wanderer)            Turns: 646, Time: 00:05:12

Health: -4/26      AC:  3    Str: 15    XL:     3   Next: 51%
Magic:  0/4        EV: 11    Int: 12    God:
Gold:   67         SH:  0    Dex: 11    Spells: 0/4 levels left

rFire   . . .        a - +0 spear
rCold   . . .        (no shield)
rNeg    . . .        d - +0 leather armour
rPois   .            (helmet restricted)
rElec   .            (no cloak)
rCorr   .            (no gloves)
SInv    .            (no boots)
Will    .....        (no amulet)
Stlth   +            (no ring)
HPRegen 0.24/turn    (no ring)
MPRegen 0.09/turn

%: no passive effects
@: very slightly contaminated
A: horns 1
a: no special abilities


You were on level 2 of the Dungeon.
You visited 1 branch of the dungeon, and saw 2 of its levels.

You collected 67 gold pieces.

Inventory:

Hand Weapons
 a - a +0 spear (weapon)
Missiles
 e - 6 poisoned darts
Armour
 d - a +0 leather armour (worn)
Jewellery
 h - a ring of positive energy
Talismans
 l - a beast talisman
Wands
 b - a wand of flame (5)
Scrolls
 c - a scroll of fog
 f - a scroll of brand weapon {unknown}
 i - a scroll of identify {unknown}
 k - a scroll of teleportation {unknown}
Potions
 g - a potion of cancellation {unknown}
 j - 2 potions of invisibility {unknown}


   Skills:
 + Level 1.1 Fighting
 + Level 3.6 Polearms
 + Level 1.3 Armour
 + Level 0.7 Dodging
 + Level 1.1 Spellcasting
 + Level 2.1 Summonings
 + Level 2.0 Evocations


You couldn't memorise any spells.
You knew the following spells:

 Your Spells              Type           Power      Damage    Failure   Level
a - Summon Small Mammal   Summ           20%        N/A       16%         1
b - Summon Ice Beast      Ice/Summ       3%         N/A       56%         3

Your spell library contained the following spells:

 Spells                   Type           Power      Damage    Failure   Level
 Scorch                   Fire           0%         2d5       50%         2
 Summon Blazeheart Golem  Fire/Summ      3%         N/A       93%         4
 Flame Wave               Conj/Fire      0%         2d4       98%         4
 Summon Cactus Giant      Summ           2%         N/A       100%        6


Dungeon Overview and Level Annotations

Branches:
Dungeon (2/15)

Altars:

Annotations:
D:2 Terence


Innate Abilities, Weirdness & Mutations

You have a pair of small horns on your head.


Message History

Aim: an endoplasm (lightly wounded, about 14% to evade your +0 spear)
You hit the endoplasm.
You kill the endoplasm!
l - a beast talisman You open the door.
Found a stone staircase leading down.
There is an open door here.
There is a stone staircase leading down here.
As you open the door, it creaks loudly!
An endoplasm comes into view.
There is an open door here.
The endoplasm hits you but does no damage.
You hit the endoplasm.
You kill the endoplasm!
You now have 53 gold pieces (gained 14).
Found 14 gold pieces.
Found an escape hatch in the floor.
You now have 67 gold pieces (gained 14).
This spell is astonishingly dangerous to cast!
You start memorising the spell.
You continue memorising. x3
You finish memorising.
Spell assigned to 'b'.
You open the door.
Terence the Incautious comes into view.
He is wielding a +2 flail of protection.
Terence shouts!
Found a stone staircase leading up.
There is an open door here.
You closely miss Terence. You hit Terence. You punch Terence, but do no damage.
Terence is lightly wounded.
Terence hits you with a +2 flail of protection!
Casting: Summon Small Mammal (safe; 16% risk of failure)
Confirm with . or Enter, or press ? or * to list all spells.
You miscast Summon Ice Beast.
You are very lightly contaminated with residual magic.
Nothing appears to happen.
Terence hits you with a +2 flail of protection!
Casting: Summon Ice Beast (astonishingly dangerous; 56% risk of failure)
Confirm with . or Enter, or press ? or * to list all spells.
Terence hits you with a +2 flail of protection!
You die...
Terence says, "That felt goooood."

#...#. ....#.#
.....# #######
#...#### #.....#
#...... .
#####.....# #.....#
# .....b.@..#
#.....# # ###@####
#.....+ . #......#
#.....###
#.#.##....####'#....
#.#.# ...# #>#.... .
#.# ..####'#.... ##
#.# <#.....####
#.#######.....# #
#>............####
#####.........#...


You could see Terence (ally target) and a friendly bat (summoned).

Vanquished Creatures
  An adder (D:2)
  A gnoll (D:1)
  2 bats (D:1)
  4 endoplasms
  2 giant cockroaches (D:1)
  3 goblins (D:1)
  A hobgoblin (D:1)
  3 jackals (D:1)
  2 kobolds (D:1)
  3 ball pythons (D:1)
  5 rats (D:1)
27 creatures vanquished.

Vanquished Creatures (collateral kills)
  A hobgoblin (D:1)
  A bat (D:1)
  A frilled lizard (D:1)
3 creatures vanquished.

Grand Total: 30 creatures vanquished

Notes
Turn   | Place    | Note
-------+----------+-------------------------------------------
     0 | D:1      | CaptainMV the Demonspawn Wanderer began the quest for the
                  | Orb.
     0 | D:1      | CaptainMV set off with the following items: a +0 spear, a
                  | wand of flame (5), a scroll of fog, a +0 leather armour;
                  | and the following spell memorised: Summon Small Mammal; and
                  | the following spells available to memorise: Summon Ice
                  | Beast, Summon Blazeheart Golem.
     0 | D:1      | Reached XP level 1. HP: 15/15 MP: 2/2
    62 | D:1      | Reached skill level 3 in Polearms
    89 | D:1      | Gained mutation: You have a pair of small horns on your
                  | head. [demonic ancestry]
    89 | D:1      | Reached XP level 2. HP: 15/21 MP: 3/3
   262 | D:1      | Reached XP level 3. HP: 22/26 MP: 4/4
   635 | D:2      | Learned a level 3 spell: Summon Ice Beast
   641 | D:2      | Noticed Terence
   646 | D:2      | Slain by Terence

Illustrated notes

Levels and vault maps discovered:
D:1:      dpeg_arrival_rooms_a, layout_loops_corners
D:2:      layout_basic, uniq_terence

Skill      XL: |  1 |
---------------+----+-----
Polearms       | 3 |  3.6
Fighting       | |  1.1
Armour         | |  1.3
Dodging        | |  0.7
Spellcasting   | |  1.1
Summonings     | |  2.1
Evocations     | |  2.0

Action                     || total
---------------------------++-------
  Melee: Spear             ||    80
         Headbutt          ||     5
         Punch             ||     1
   Cast: Summon Small Mamm ||     8
 Armour: Leather armour    ||    39
  Dodge: Dodged            ||    42
